 Dungeon Crawl Stone Soup version 0.20.1-1-g8b1a95d (webtiles) character file.

15273 Nidhoragg the Blocker (level 11, -1/87 HPs)
             Began as a Minotaur Monk on Oct 9, 2017.
             Was a High Priest of Hepliaklqana.
             Slain by a four-headed hydra (4 damage)
             ... on level 3 of the Lair of Beasts.
             The game lasted 01:08:09 (10235 turns).

Nidhoragg the Blocker (Minotaur Monk)              Turns: 10235, Time: 01:08:09

Health: -1/87      AC: 17    Str: 20    XL:     11   Next: 99%
Magic:  10/10      EV:  2    Int:  7    God:    Hepliaklqana [*****.]
Gold:   721        SH:  0    Dex: 12    Spells: 10/10 levels left

rFire    . . .     SeeInvis .   p - +6 shillelagh "Devastator" {shatter}
rCold    . . .     Gourm    .   f - +0 shield
rNeg     + + +     Faith    .   e - +0 chain mail
rPois    ∞         Spirit   .   (helmet restricted)
rElec    .         Reflect  .   h - +2 cloak
rCorr    +         Harm     .   (no gloves)
MR       .....                  S - +0 pair of boots {Stlth+}
Stlth    ..........             v - amulet of regeneration
Regen    0.7/turn               r - ring of poison resistance
MPRegen  0.2/turn               b - ring of resist corrosion

@: petrified
A: retaliatory headbutt, reduced essence, horns 2
a: Recall Ancestor, Ancestor Identity, Transference, Idealise, Renounce Religion


You were on level 3 of the Lair of Beasts.
You worshipped Hepliaklqana.
Hepliaklqana was extremely pleased with you.
You were very hungry.

You visited 2 branches of the dungeon, and saw 11 of its levels.
You also visited: Labyrinth.

You collected 721 gold pieces.

Inventory:

Hand Weapons
 p - the +6 shillelagh "Devastator" (weapon) {shatter}
   (You acquired it on level 3 of the Lair of Beasts)
 z - a +1 mace of protection
Armour
 e - a +0 chain mail (worn)
 f - a +0 shield (worn)
 h - a +2 cloak (worn)
 o - the +2 robe of the Trees {rElec, unknown}
   (You found it on level 4 of the Dungeon)

   It insulates you from electricity.
 R - a +0 cloak of invisibility
 S - a +0 pair of boots of stealth (worn)
Jewellery
 b - a ring of resist corrosion (right hand)
 g - the ring "Uskumot" {+Fly MP+9}
   (You found it on level 5 of the Dungeon)

   [ring of flight]

   It affects your magic capacity (+9).
   It lets you fly.
 k - an uncursed ring of fire
 r - a ring of poison resistance (left hand)
 v - an amulet of regeneration (around neck)
 G - a +2 ring of strength
 Q - an uncursed ring of see invisible {unknown}
Wands
 j - a wand of digging (21/24)
 x - a wand of flame (34/48)
 H - a wand of lightning (6/15)
 I - a wand of paralysis (12/24)
 N - a wand of random effects (27/48)
Scrolls
 m - a scroll of remove curse
 n - 2 scrolls of fog
 q - 5 scrolls of blinking
 C - 6 scrolls of teleportation
 F - a scroll of amnesia
Potions
 a - a potion of might
 d - 4 potions of curing
 l - 4 potions of invisibility
 s - a potion of ambrosia {unknown}
 u - a potion of heal wounds
 A - 4 potions of magic
 B - a potion of flight
 M - 2 potions of haste {unknown}
Comestibles
 c - 10 bread rations
 i - 18 fruits
 t - 4 meat rations
 L - 2 royal jellies


   Skills:
 + Level 9.0 Fighting
 + Level 11.8 Maces & Flails
 * Level 12.4 Armour
 - Level 3.3 Dodging
 - Level 1.6 Stealth
 * Level 13.3 Shields
 + Level 0.2 Invocations


You had 10 spell levels left.
You didn't know any spells.

Dungeon Overview and Level Annotations

Branches:
Dungeon (8/15)             Temple (0/1) D:6            Lair (3/6) D:8
  Swamp (0/4) Lair:2
  Snake: Lair:2-4    Spider: Lair:2-4

Altars:
Cheibriados
Dithmenos
Hepliaklqana
Makhleb
Sif Muna
Uskayaw
Vehumet
Xom
The Shining One


Innate Abilities, Weirdness & Mutations

You reflexively headbutt those who attack you in melee.
You have a pair of horns on your head.
Your life essence is reduced to manifest your ancestor. (-10% HP)


Message History

The four-headed hydra bites you but does no damage.
The four-headed hydra completely misses you.
The four-headed hydra bites you but does no damage.
The four-headed hydra bites you. The eight-headed hydra bites you.
* * * LOW HITPOINT WARNING * * *
The eight-headed hydra bites you!
* * * LOW HITPOINT WARNING * * *
The eight-headed hydra bites you.
* * * LOW HITPOINT WARNING * * *
The eight-headed hydra bites you but does no damage. x2
The eight-headed hydra bites you!
* * * LOW HITPOINT WARNING * * *
The eight-headed hydra bites you but does no damage. x2
The four-headed hydra bites you.
* * * LOW HITPOINT WARNING * * *
The four-headed hydra bites you!
* * * LOW HITPOINT WARNING * * *
The four-headed hydra bites you!
You die...

##....#### #...#
#.....#.##...#
#..#####......#...#
.................#
................# ##
................##.#
##..#.#.##.......[###
## ####..lD........#
#..@D#)......######
##...##............##
###...###.............#
#)...## #..............
###...##
##.....#........
#.....#
#.)...##........
##....P#
#....#######....
##...#### ##...# #P#.#
##..)## ##...# #####


You could see an eight-headed hydra, a four-headed hydra and a basilisk.

Vanquished Creatures
  A black mamba (Lair:1)
  A spiny frog (Lair:2)
  4 gargoyles (Lab)
  A rime drake (Lair:2)
  A komodo dragon (Lair:3)
  A hornet (D:8)
  3 hippogriffs
  A spriggan (D:7)
  A wyvern (Lair:1)
  7 yaks
  A basilisk (Lab)
  3 water moccasins
  4 porcupines
  A sky beast (D:8)
  A necrophage (D:8)
  A wolf (Lair:2)
  An ogre (D:6)
  5 crocodiles (Lair:2)
  4 bullfrogs
  3 scorpions
  3 killer bees (D:7)
  The ghost of Diazepam the Firebug, a weakling DEFE (D:3)
  A centaur zombie (D:7)
  2 hounds (D:4)
  5 orc priests
  A centaur skeleton (D:4)
  An iguana (D:6)
  A gnoll shaman (D:4)
  7 orc wizards
  A worker ant (D:4)
  A hound zombie (D:7)
  5 gnolls
  8 adders
  A shadow imp (D:7)
  3 oozes
  An adder skeleton (D:8)
  2 worms
  2 dart slugs (D:2)
  8 leopard geckos
  27 orcs
  10 bats
  9 giant cockroaches
  9 goblins
  6 hobgoblins
  2 jackals (D:1)
  2 quokkas
  A ball python (D:7)
  5 frilled lizards
  4 kobolds
  A leopard gecko skeleton (D:7)
  A quokka zombie (D:8)
  11 rats
187 creatures vanquished.

Vanquished Creatures (collateral kills)
  A minotaur (Lab)
  The ghost of Diazepam the Basher, a novice TrFi of Trog (D:8)
  Maurice (D:8)
  A black mamba (Lair:2)
  Joseph (D:8)
  5 spiny frogs (Lair:2)
  4 gargoyles (Lab)
  A hippogriff (Lair:2)
  A redback (Lab)
  5 yaks
  A basilisk (Lab)
  Duvessa (D:7)
  A porcupine (Lair:1)
  2 orc warriors
  2 ice beasts
  2 phantoms
  A sky beast (D:8)
  2 ogres
  2 centaurs
  2 crocodiles
  A bullfrog (Lair:1)
  Dowan (D:7)
  A scorpion (D:7)
  A crimson imp (D:5)
  An orc priest (D:7)
  3 hounds
  A jelly (D:6)
  A centaur skeleton (D:4)
  8 orc wizards
  A hound zombie (D:5)
  A worker ant zombie (D:7)
  7 gnolls
  7 adders
  3 shadow imps
  2 leopard geckos (D:4)
  17 orcs
  A ball python (D:4)
  A bat (D:3)
  A giant cockroach (D:4)
  3 jackals (D:4)
  3 frilled lizards
  A kobold (D:3)
  A quokka skeleton (D:4)
104 creatures vanquished.

Vanquished Creatures (others)
  5 battlemagi
5 creatures vanquished.

Grand Total: 296 creatures vanquished

Notes
Turn   | Place    | Note
-------+----------+-------------------------------------------
     0 | D:1      | Nidhoragg the Minotaur Monk began the quest for the Orb.
     0 | D:1      | Reached XP level 1. HP: 19/19 MP: 0/0
   267 | D:1      | Reached XP level 2. HP: 27/27 MP: 1/1
   468 | D:1      | Reached skill level 1 in Armour
   613 | D:1      | Reached XP level 3. HP: 33/33 MP: 2/2
   723 | D:2      | Found a shimmering altar of Xom.
   723 | D:2      | Found a shimmering altar of Xom.
   725 | D:2      | Found a shimmering altar of Xom.
  1043 | D:2      | Reached XP level 4. HP: 34/41 MP: 3/3
  1792 | D:3      | Reached skill level 1 in Shields
  1822 | D:3      | Reached XP level 5. HP: 44/47 MP: 4/4
  1844 | D:3      | Reached skill level 5 in Maces & Flails
  1876 | D:3      | Noticed Diazepam's ghost (weakling DEFE)
  1897 | D:3      | Reached skill level 2 in Shields
  2079 | D:3      | Found a hazy altar of Hepliaklqana.
  2079 | D:3      | Noticed a dagger
  2079 | D:3      | Noticed a hand axe
  2087 | D:3      | Found a hide-covered altar of Uskayaw.
  2088 | D:3      | Became a worshipper of Hepliaklqana the Forgotten
  2088 | D:3      | Reached * piety under Hepliaklqana
  2088 | D:3      | Reached ** piety under Hepliaklqana
  2089 | D:3      | Remembered your ancestor Xiuhtonal as a battlemage
  2160 | D:3      | Killed Diazepam's ghost
  2181 | D:3      | Found a burning altar of Makhleb.
  2452 | D:3      | Reached skill level 5 in Fighting
  2802 | D:3      | Reached XP level 6. HP: 14/50 MP: 5/5
  3432 | D:4      | Reached skill level 3 in Shields
  3443 | D:4      | Reached skill level 5 in Armour
  3461 | D:4      | Reached XP level 7. HP: 28/54 MP: 6/6
  3760 | D:4      | Got a sheer robe
  3915 | D:5      | Entered Level 5 of the Dungeon
  3922 | D:5      | Got a clouded lead ring
  3940 | D:5      | Identified the ring "Uskumot" {+Fly MP+9} (You found it on level 5 of the Dungeon)
  4044 | D:5      | Reached skill level 4 in Shields
  4325 | D:5      | Reached XP level 8. HP: 30/63 MP: 7/7
  4460 | D:5      | Reached skill level 5 in Shields
  4739 | D:5      | Reached *** piety under Hepliaklqana
  4977 | D:6      | Found a staircase to the Ecumenical Temple.
  5005 | D:6      | HP: 2/63 [orc warrior/glaive (18)]
  5132 | D:6      | Found a deep blue altar of Sif Muna.
  5708 | D:6      | Reached skill level 6 in Shields
  6066 | D:7      | Noticed a hippogriff
  6071 | D:7      | Killed a hippogriff
  6071 | D:7      | Reached XP level 9. HP: 70/70 MP: 8/8
  6208 | D:7      | Reached skill level 7 in Shields
  6246 | D:7      | Found a radiant altar of Vehumet.
  6249 | D:7      | Noticed Dowan
  6250 | D:7      | Noticed Duvessa
  6262 | D:7      | Killed Dowan
  6270 | D:7      | Killed Duvessa
  6337 | D:7      | Found a glowing golden altar of the Shining One.
  6397 | D:7      | Found a snail-covered altar of Cheibriados.
  6618 | D:8      | Reached skill level 8 in Shields
  6656 | D:8      | Noticed Diazepam's ghost (novice TrFi)
  6777 | D:8      | Killed Diazepam's ghost
  6777 | D:8      | Reached skill level 9 in Shields
  6827 | D:8      | Noticed Maurice
  6842 | D:8      | Killed Maurice
  6842 | D:8      | Reached XP level 10. HP: 77/77 MP: 9/9
  6874 | D:8      | Found a staircase to the Lair.
  6940 | D:8      | Reached skill level 10 in Maces & Flails
  7043 | D:8      | Noticed Joseph
  7051 | D:8      | Killed Joseph
  7240 | D:8      | Reached **** piety under Hepliaklqana
  7477 | Lair:1   | Entered Level 1 of the Lair of Beasts
  7477 | Lair:1   | Found a shadowy altar of Dithmenos.
  7484 | Lair:1   | Reached skill level 10 in Armour
  7488 | Lair:1   | Reached skill level 10 in Shields
  7696 | Lair:1   | Found a labyrinth entrance.
  7705 | Lab      | Entered a labyrinth
  8052 | Lab      | Noticed a gargoyle
  8058 | Lab      | Killed a gargoyle
  8072 | Lab      | Noticed a gargoyle
  8080 | Lab      | Killed a gargoyle
  8080 | Lab      | Reached skill level 11 in Shields
  8084 | Lab      | Noticed a gargoyle
  8091 | Lab      | Killed a gargoyle
  8183 | Lab      | Noticed a gargoyle
  8183 | Lab      | Noticed a gargoyle
  8184 | Lab      | Noticed a gargoyle
  8184 | Lab      | Noticed a gargoyle
  8213 | Lab      | Killed a gargoyle
  8218 | Lab      | Killed a gargoyle
  8218 | Lab      | Reached XP level 11. HP: 67/84 MP: 10/10
  8594 | Lab      | Noticed a minotaur
  8603 | Lab      | Killed a minotaur
  8603 | Lab      | Reached skill level 12 in Shields
  8627 | Lab      | Identified Sif Muna's Grimoire of Confrontation and Hexes
  8627 | Lab      | Identified the Catalogue of Aid and Darkness
  8629 | Lab      | Got a smoking ring mail
  8660 | Lab      | Identified the cursed +0 ring mail "Waleac" {rPois Int-4 Dex+9 Stlth-} (You found it in a labyrinth)
  9169 | Lair:2   | Reached ***** piety under Hepliaklqana
  9531 | Lair:2   | Found a staircase to the Swamp.
  9664 | Lair:2   | Reached skill level 13 in Shields
 10025 | Lair:3   | Identified a scroll of acquirement
 10182 | Lair:3   | Noticed a four-headed hydra
 10185 | Lair:3   | Noticed an eight-headed hydra
 10235 | Lair:3   | HP: 3/87 [four-headed hydra (5)]
 10235 | Lair:3   | Slain by a four-headed hydra

Skill      XL: |  1  2  3  4  5  6  7  8  9 10 11 |
---------------+----------------------------------+-----
Fighting       | 4 5 6 7 8 9 |  9.0
Armour         | 1 2 3 5 6 8 9 10 12 | 12.4
Maces & Flails | 4 5 7 8 9 10 11 | 11.8
Shields        | 1 2 3 4 6 9 11 13 | 13.3
Dodging        | |  3.3
Stealth        | |  1.6
Invocations    | |  0.2

Action                   |  1- 3 |  4- 6 |  7- 9 | 10-12 || total
-------------------------+-------+-------+-------+-------++-------
Melee: Mace              |    76 |   170 |   252 |   306 ||   804
       Headbutt          |    17 |    25 |    67 |    73 ||   182
       Flail             |       |       |    94 |       ||    94
       Shillelagh        |       |       |       |    11 ||    11
Invok: Recall Ancestor   |       |     1 |     2 |       ||     3
       Ancestor Identity |       |     1 |     1 |       ||     2
       Ancestor Life: Ba |       |     1 |       |       ||     1
       Transference      |       |       |     1 |       ||     1
Evoke: Wand              |       |       |     1 |       ||     1
  Use: Scroll            |     5 |     2 |     5 |     8 ||    20
       Potion            |       |     6 |       |       ||     6
 Stab: Sleeping          |     1 |       |       |       ||     1
       Distracted        |       |     1 |     4 |     4 ||     9
  Eat: Chunk             |       |     6 |     9 |     5 ||    20
       Meat ration       |       |     1 |       |       ||     1
       Bread ration      |       |       |       |     1 ||     1
Armor: Chain mail        |    49 |    82 |   151 |   149 ||   431
       Robe              |     4 |       |       |       ||     4
       Ring mail         |       |       |     2 |       ||     2
Dodge: Dodged            |    34 |    31 |    95 |    73 ||   233
Block: Shield            |    31 |    83 |   165 |   161 ||   440
